 Dungeon Crawl Stone Soup version 0.30-a0-534-gdc55766716 (webtiles) character file.

Game seed: 1759863853852736343

1544 Newt the Skirmisher (level 9, -3/55 HPs)
             Began as a Kobold Hunter on Dec 25, 2022.
             Slain by a yak (16 damage)
             ... on level 5 of the Dungeon.
             The game lasted 00:05:42 (4550 turns).

Newt the Skirmisher (Kobold Hunter)                 Turns: 4550, Time: 00:05:42

Health: -3/55      AC:  5    Str:  9    XL:     9   Next: 11%
Magic:  9/9        EV: 20    Int: 10    God:
Gold:   306        SH:  0    Dex: 28    Spells: 8/8 levels left

rFire   . . .      SeeInvis .    a - +2 shortbow
rCold   . . .      Faith    .    (shield currently unavailable)
rNeg    . . .      Spirit   .    c - +0 leather armour
rPois   .          Reflect  .    (no helmet)
rElec   .          Harm     .    o - +0 cloak
rCorr   .          Rampage  .    (no gloves)
Will    .....                    n - +0 pair of boots
Stlth   +++                      (no amulet)
HPRegen 0.29/turn                f - +6 ring of dexterity
MPRegen 0.11/turn                (no ring)

@: studying Unarmed Combat
A: small, no large weapons, nightstalker 3
a: no special abilities


You were on level 5 of the Dungeon.
You visited 1 branch of the dungeon, and saw 5 of its levels.
You also visited: Ossuary.

You collected 306 gold pieces.

Inventory:

Hand Weapons
 a - a +2 shortbow (weapon)
Armour
 c - a +0 leather armour (worn)
 n - a +0 pair of boots (worn)
 o - a +0 cloak (worn)
Jewellery
 f - a +6 ring of dexterity (left hand)
Wands
 m - a wand of flame (19)
Scrolls
 b - a scroll of immolation
 d - 3 scrolls of identify
 q - a scroll of magic mapping
 s - 2 scrolls of fog {unknown}
Potions
 e - 2 potions of brilliance
 g - a potion of haste
 h - 2 potions of invisibility
 i - a potion of degeneration
 j - a potion of flight
 k - 4 potions of curing
 l - a potion of attraction
 p - a potion of heal wounds
 r - a potion of lignification {unknown}
 t - 2 potions of mutation {unknown}
 u - a potion of magic {unknown}


   Skills:
 - Level 6.0 Fighting
 - Level 10.0 Ranged Weapons
 + Level 6.1 Dodging
 - Level 1.3 Stealth
 - Level 6.0 Evocations


You had 8 spell levels left.
You didn't know any spells.
Your spell library contained the following spells:

 Spells                   Type           Power      Damage    Failure   Level
 Apportation              Tloc           0%         N/A       47%         1
 Necrotise                Necr           0%         1d4       47%         1
 Summon Small Mammal      Summ           0%         N/A       47%         1
 Gell's Gravitas          Tloc           0%         N/A       85%         3
 Inner Flame              Hex/Fire       0%         N/A       85%         3
 Teleport Other           Tloc           0%         N/A       85%         3
 Flame Wave               Conj/Fire      0%         2d4       99%         4
 Sticky Flame             Conj/Fire      0%         2d3       99%         4
 Dispersal                Tloc           0%         N/A       100%        6


Dungeon Overview and Level Annotations

Branches:
Dungeon (5/15)             Temple (0/1) D:4         Ossuary (visited)

Altars:
Elyvilon
Nemelex Xobeh
Okawaru
Uskayaw


Innate Abilities, Weirdness & Mutations

You are small and have problems with some larger weapons.
You are completely attuned to the shadows.


Message History

You are too injured to fight recklessly!
You are too injured to fight recklessly!
You are too injured to fight recklessly!
Unknown command.
Fire: a) +2 shortbow
Press: ? - help, Shift-Dir - straight line, f/p - yak
Aim: a yak (severely wounded, 81% to hit)
You shoot an arrow. The arrow hits the yak.
The yak is severely wounded.
The yak gores you.
Fire: a) +2 shortbow
Press: ? - help, Shift-Dir - straight line, f/p - yak
Aim: a yak (severely wounded, 81% to hit)
You shoot an arrow. The arrow hits the yak!
You kill the yak!
Training target 6.0 for Evocations reached!
Your Evocations skill increases to level 6!
You need to enable at least one skill for training.
Training target 6.0 for Evocations reached!
You need to enable at least one skill for training.
Fire: a) +2 shortbow
Press: ? - help, Shift-Dir - straight line, f - yak
Aim: a yak (81% to hit)
You shoot an arrow. The arrow hits the yak!
The yak is moderately wounded.
The yak gores you!
* * * LOW HITPOINT WARNING * * *
Fire: a) +2 shortbow
Press: ? - help, Shift-Dir - straight line, f/p - yak
Aim: a yak (moderately wounded, 81% to hit)
You shoot an arrow. The arrow hits the yak.
The yak is moderately wounded.
The yak barely misses you.
Fire: a) +2 shortbow
Press: ? - help, Shift-Dir - straight line, f/p - yak
Aim: a yak (moderately wounded, 81% to hit)
You shoot an arrow. The arrow hits the yak!
The yak is heavily wounded.
The yak gores you!
You die...

#.#..........#
#.#.#........###
#.).#...........
#.#.###.........
#.#.#...#+########
#.#.#<#......#
#Y#.#.#....#.#####
#Y#...............
#@###.#....#.#####
####.###.#....#)#####
..............'......
####.###.##..)#.#####
#.# ####...#.# #.#
#...#.# #.# ###...#.#
........# ........##
##


You could see 2 yaks.

Vanquished Creatures
  Grinder (D:4)
  Sigmund (D:4)
  2 yaks (D:5)
  A black bear (D:5)
  2 ogres
  2 scorpions
  2 water moccasin zombies (Ossuary)
  Crazy Yiuf (D:3)
  2 orc priests
  2 iguanas (D:5)
  An orc wizard (D:5)
  3 mummies
  9 adders
  An ufetubus (D:4)
  6 adder zombies (Ossuary)
  4 dart slugs
  15 orcs
  5 endoplasms
  A giant cockroach (D:4)
  2 gnoll zombies (Ossuary)
  7 goblins
  2 hobgoblins
  4 kobolds
  A quokka (D:3)
  3 ball pythons
  3 bats
  4 frilled lizards
  7 hobgoblin zombies (Ossuary)
  3 kobold zombies (Ossuary)
  8 orc zombies (Ossuary)
  4 rats
109 creatures vanquished.

Vanquished Creatures (others)
  3 toadstools (D:5)
3 creatures vanquished.

Grand Total: 112 creatures vanquished

Notes
Turn   | Place    | Note
-------+----------+-------------------------------------------
     0 | D:1      | Newt the Kobold Hunter began the quest for the Orb.
     0 | D:1      | Reached XP level 1. HP: 12/12 MP: 1/1
   257 | D:1      | Reached XP level 2. HP: 17/17 MP: 2/2
   320 | D:1      | Reached skill level 6 in Ranged Weapons
   678 | D:2      | Found a faded altar of an unknown god.
   899 | D:2      | You fall into a shaft and drop 1 floor!
   954 | D:3      | Reached XP level 3. HP: 21/21 MP: 3/3
  1033 | D:3      | Reached skill level 7 in Ranged Weapons
  1033 | D:3      | Reached XP level 4. HP: 14/26 MP: 4/4
  1720 | D:3      | Found a hide-covered altar of Uskayaw.
  1831 | D:3      | Found a runed translucent door.
  1834 | D:3      | Noticed Crazy Yiuf
  2092 | D:3      | Killed Crazy Yiuf
  2093 | D:3      | Reached XP level 5. HP: 31/31 MP: 5/5
  2139 | D:4      | Noticed an ogre
  2148 | D:3      | Killed an ogre
  2149 | D:3      | Reached XP level 6. HP: 20/38 MP: 6/6
  2498 | D:4      | Noticed Grinder
  2503 | D:4      | Paralysed by Grinder for 2 turns
  2509 | D:4      | Paralysed by Grinder for 4 turns
  2518 | D:4      | Killed Grinder
  2519 | D:4      | Reached XP level 7. HP: 28/46 MP: 7/7
  2569 | D:4      | Reached skill level 5 in Dodging
  2582 | D:4      | Found a sand-covered staircase.
  2592 | Ossuary  | Entered an ossuary
  3251 | D:4      | Noticed Sigmund
  3271 | D:4      | Killed Sigmund
  3272 | D:4      | Reached skill level 8 in Ranged Weapons
  3272 | D:4      | Reached XP level 8. HP: 34/51 MP: 8/8
  3306 | D:4      | Reached skill level 9 in Ranged Weapons
  3438 | D:4      | Found a sparkling altar of Nemelex Xobeh.
  3543 | D:4      | Found a staircase to the Ecumenical Temple.
  3634 | D:4      | Found a white marble altar of Elyvilon.
  3749 | D:4      | Found an iron altar of Okawaru.
  3833 | D:5      | Entered Level 5 of the Dungeon
  3942 | D:5      | Reached skill level 10 in Ranged Weapons
  3942 | D:5      | Reached skill level 1 in Evocations
  4532 | D:5      | Noticed a yak
  4535 | D:5      | Noticed a yak
  4536 | D:5      | Noticed a yak
  4537 | D:5      | Noticed a yak
  4540 | D:5      | Killed a yak
  4541 | D:5      | Reached skill level 5 in Evocations
  4541 | D:5      | Reached XP level 9. HP: 38/55 MP: 9/9
  4550 | D:5      | Slain by a yak

Illustrated notes

Levels and vault maps discovered:
D:1:      wander_arrival_peaceful_grave, layout_loops_cross,
          minmay_misc_feat_tower, chequers_serial_rivers_small_b
D:2:      layout_basic, shapermc_ecumenical_altar_mp_highgroup, basic_altar,
          minmay_tromino_mix6, uniq_terence, uniq_natasha
D:3:      layout_loops_ring, nicolae_overflow_crystal_walls,
          uniq_crazy_yiuf_cottage
D:4:      layout_cave_pools, nicolae_elyvilon_peaceful_grove,
          mainiacjoe_overflow_chevrons, mainiacjoe_overflow_alcove_1,
          minmay_temple_entry_waves, gup_ossuary_entry_pyramid, uniq_sigmund,
          uniq_grinder
D:5:      lemuel_ice_spiral_2, layout_basic, serial_shops,
          nicolae_lakefront_shop, amethyst_killhole, grunt_ministairs_14,
          minmay_gold_behind_fungi

Skill      XL: |  1  2  3  4  5  6  7  8  9 |
---------------+----------------------------+-----
Ranged Weapons | 6 7 8 10 | 10.0
Dodging        | 3 4 6 |  6.1
Fighting       | 4 6 |  6.0
Evocations     | 5 6 |  6.0
Stealth        | |  1.3

Action                   |  1- 3 |  4- 6 |  7- 9 || total
-------------------------+-------+-------+-------++-------
 Fire: Shortbow          |    48 |    63 |   210 ||   321
Throw: Boomerang         |       |     2 |       ||     2
Evoke: Wand              |       |       |     1 ||     1
  Use: Scroll            |     4 |       |     5 ||     9
       Potion            |       |     1 |     5 ||     6
Armor: Leather armour    |     5 |     4 |    13 ||    22
Dodge: Dodged            |    19 |    24 |    99 ||   142

Table legend: (Time is in decaauts)
 A = Elapsed time spent in this place.
 B = Non-inter-level travel time spent in this place.
 C = Inter-level travel time spent in this place.
 D = Time resting spent in this place.
 E = Time spent auto-exploring this place.
 F = Levels seen in this place.
 G = Mean time per level.
                   A        B        C        D        E       F      G
               +--------+--------+--------+--------+--------+-----+--------+
         Total |   4603 |   4408 |    195 |    939 |   2841 |   6 |  767.2 |
       Dungeon |   4001 |   3806 |    195 |    542 |   2765 |   5 |  800.2 |
       Ossuary |    602 |    602 |      0 |    397 |     76 |   1 |  602.0 |
               +--------+--------+--------+--------+--------+-----+--------+

Top non-repeatable levels by time:
     D:3: 1608 daAuts
     D:4: 766 daAuts
     D:5: 721 daAuts
     D:1: 678 daAuts
 Ossuary: 602 daAuts
     D:2: 226 daAuts
